 Dungeon Crawl Stone Soup version 0.30-a0-793-g160f7cfddd (webtiles) character file.

Game seed: 11091539981182791643

42712 Ceno the Basher (level 14, -8/142 HPs)
             Began as a Formicid Earth Elementalist on Feb 19, 2023.
             Was a High Priest of Elyvilon.
             Mangled by a demonspawn (11 damage)
             ... on level 2 of the Orcish Mines.
             The game lasted 01:30:55 (23432 turns).

Ceno the Basher (Formicid Earth Elementalist)      Turns: 23432, Time: 01:30:56

Health: -8/142     AC: 17    Str: 19    XL:     14   Next: 56%
Magic:  26/26      EV: 14    Int: 17    God:    Elyvilon [*****.]
Gold:   2132       SH:  9    Dex: 18    Spells: 11/21 levels left

rFire   . . .      SeeInvis +    G - +3 morningstar (freeze)
rCold   . . .      Faith    .    T - +3 buckler
rNeg    . . .      Spirit   .    Q - +4 swamp dragon scales "Ijuasut" {rPois rCorr Dex+4}
rPois   +          Reflect  .    (helmet unavailable)
rElec   .          Harm     .    o - +2 cloak
rCorr   +          Rampage  .    (no gloves)
Will    ++...                    (no boots)
Stlth   ++                       E - amulet of magic regeneration
HPRegen 0.43/turn                t - ring of poison resistance
MPRegen 0.60/turn                l - ring "Zasten" {Will+ rCorr Str+3}

@: mighty, divinely vigorous, studying Short Blades
A: permanent stasis, dig shafts and tunnels, antennae 3, four strong arms
a: Dig, Shaft Self, Renounce Religion, Purification, Heal Other, Heal Self,
Divine Vigour


You were on level 2 of the Orcish Mines.
You worshipped Elyvilon.
Elyvilon was extremely pleased with you.
You visited 4 branches of the dungeon, and saw 18 of its levels.
You also visited: Bailey and Volcano.

You collected 2132 gold pieces.

Inventory:

Hand Weapons
 G - a +3 morningstar of freezing (weapon)
 J - the +8 arbalest "Leviticus" {speed, rElec rN+ Will+ Str+2}
   (You took it off a spriggan in a bailey)

   Str:       It affects your strength (+2).
   rElec:     It insulates you from electricity.
   rN:        It protects you from negative energy.
   Will:      It increases your willpower.
Missiles
 a - 19 stones (quivered)
 c - 2 curare-tipped darts
 H - 17 poisoned darts
 P - 3 throwing nets
Armour
 o - a +2 cloak (worn)
 Q - the +4 swamp dragon scales "Ijuasut" (worn) {rPois rCorr Dex+4}
   (You took it off a spriggan in a bailey)

   Dex:       It affects your dexterity (+4).
   rPois:     It protects you from poison.
   rCorr:     It protects you from acid and corrosion.
 T - a +3 buckler (worn)
Jewellery
 l - the ring "Zasten" (right hand) {Will+ rCorr Str+3}
   (You found it on level 2 of the Lair of Beasts)

   [ring of resist corrosion]

   Str:       It affects your strength (+3).
   rCorr:     It protects you from acid and corrosion.
   Will:      It increases your willpower.
 t - a ring of poison resistance (left hand)
 w - a ring of protection from fire
 E - an amulet of magic regeneration (around neck)
Wands
 h - a wand of iceblast (8)
 q - a wand of polymorph (26)
 D - a wand of charming (6)
 M - a wand of flame (7)
Scrolls
 d - a scroll of acquirement {unknown}
 i - 3 scrolls of enchant armour
 j - a scroll of torment {unknown}
 m - 2 scrolls of fear
 r - a scroll of magic mapping
 v - 3 scrolls of amnesia
 y - 2 scrolls of poison {unknown}
 B - 4 scrolls of fog
 F - a scroll of silence {unknown}
 K - 2 scrolls of brand weapon
 O - a scroll of vulnerability
 U - 2 scrolls of enchant weapon
Potions
 b - a potion of experience {unknown}
 g - 8 potions of attraction
 n - 4 potions of flight
 p - 12 potions of curing
 u - 2 potions of ambrosia {unknown}
 x - a potion of invisibility {unknown}
 z - 2 potions of lignification {unknown}
 C - 3 potions of cancellation
 I - 3 potions of might
 L - 11 potions of mutation
 N - 2 potions of heal wounds {unknown}
 S - a potion of brilliance {unknown}
 W - a potion of resistance {unknown}
 Y - a potion of berserk rage {unknown}
 Z - a potion of magic


   Skills:
 + Level 11.7 Fighting
 + Level 11.8 Maces & Flails
 + Level 9.2 Armour
 + Level 7.0 Dodging
 - Level 5.0 Stealth
 - Level 5.0 Shields
 - Level 4.0 Spellcasting
 - Level 5.0 Conjurations
 - Level 6.0 Transmutations
 - Level 10.0 Earth Magic
 - Level 10.0 Invocations


You had 11 spell levels left.
You knew the following spells:

 Your Spells              Type           Power      Damage    Failure   Level
a - Sandblast             Erth           74%        2d16      1%          1
b - Passwall              Tmut/Erth      25%        N/A       1%          2
c - Stone Arrow           Conj/Erth      56%        3d10      4%          3
d - Petrify               Tmut/Erth      30%        N/A       11%         4

Your spell library contained the following spells:

 Spells                   Type           Power      Damage    Failure   Level
 Magic Dart               Conj           80%        1d7       3%          1
 Necrotise                Necr           12%        1d4       30%         1
 Animate Armour           Summ/Erth      40%        N/A       36%         4
 Call Imp                 Summ           3%         N/A       41%         2
 Cigotuvi's Dreadful Rot  Necr/Pois/Air  6%         N/A       41%         2
 Poisonous Vapours        Pois/Air       6%         N/A       41%         2
 Mephitic Cloud           Conj/Pois/Air  9%         N/A       43%         3
 Teleport Other           Tloc           3%         N/A       65%         3
 Yara's Violent Unravell  Hex/Tmut       6%         3d5       94%         5
 Simulacrum               Ice/Necr       1%         N/A       100%        6
 Enfeeble                 Hex            1%         N/A       100%        7
 Lehudib's Crystal Spear  Conj/Erth      14%        10d5      100%        8
 Necromutation            Tmut/Necr      6%         N/A       100%        8
 Shatter                  Erth           18%        3d17*     100%        9


Dungeon Overview and Level Annotations

Branches:
Dungeon (10/15)            Temple (1/1) D:4            Lair (5/5) D:10
  Swamp (0/4) Lair:3        Snake (0/4) Lair:3          Orc (2/2) D:10
    Elf (0/3) Orc:2        Bailey (visited)         Volcano (visited)
  Slime: Lair:4-5

Altars:
Ashenzari
Cheibriados
Dithmenos
Elyvilon
Fedhas
Gozag
Hepliaklqana
Kikubaaqudgha
Makhleb
Nemelex Xobeh
Okawaru
Qazlal
Ru
Sif Muna
Trog
Uskayaw
Vehumet
Wu Jian
Xom
Yredelemnul
Zin
The Shining One
Jiyva

Shops:
D:5 *   Orc:2 !*?

Annotations:
D:3 Sigmund
D:9 exclusion: ugly thing
Lair:2 3 runed translucent doors, barkas's ghost, journeyman NaMo
Lair:4 exclusion: 2 oklob plants


Innate Abilities, Weirdness & Mutations

You cannot be hasted, slowed, berserked, paralysed or teleported.
You can dig through walls and to a lower floor.
You have a pair of large antennae on your head. (SInv)
Your four strong arms can wield two-handed weapons with a shield.


Message History

Beogh smites you!
You closely miss the orc high priest.
The orc high priest is severely wounded.
The sun demon hits you.
You are engulfed in flames!
* * * LOW HITPOINT WARNING * * *
The orc high priest completely misses you.
Elyvilon grants you divine vigour.
The sun demon hits you but does no damage.
The orc high priest hits you with a +0 war axe.
* * * LOW HITPOINT WARNING * * *
You are healed.
The hellwing disappears in a puff of smoke!
The sun demon closely misses you. The orc high priest misses you.
The orc sorcerer casts a spell.
The sun demon hits you!
You are engulfed in flames!!
* * * LOW HITPOINT WARNING * * *
You closely miss the orc high priest.
The orc high priest is severely wounded.
The orc high priest closely misses you. The sun demon hits you.
* * * LOW HITPOINT WARNING * * *
You are engulfed in flames!
* * * LOW HITPOINT WARNING * * *
You feel very mighty all of a sudden. The orc high priest barely misses you.
The sun demon hits you!
* * * LOW HITPOINT WARNING * * *
You are engulfed in flames!
Elyvilon protects you from harm!
You thump the orc high priest! You freeze the orc high priest.
The orc high priest is almost dead.
You block the sun demon's attack. The orc high priest closely misses you.
You sock the orc high priest! You freeze the orc high priest.
You kill the orc high priest!
The sun demon disappears in a puff of smoke!
The rust devil disappears in a puff of smoke!
The orc sorcerer casts a spell.
Your Dodging skill increases to level 7!
You bludgeon the demonspawn!! You freeze the demonspawn.
The demonspawn is moderately wounded.
You block the demonspawn's attack. x2; The demonspawn gores you!
You die...

#....4#{## { ##..#.....#
#.......# { ##.....#.∩##
#.#.## { ##....#...###
#...## ##...#....###.
##.))## ##..[..[..## ##
##...## ##)..###).## ##
##.3§###)..###[.## #.
##.46#)..###.[## ##
#####3#@#.###).##### ###
#..###§..###.)####.###..
##...###.###)[####.......
##....######))###..#......
##.......###..###.......#..
#.........#..)##.......#...
#.............[.......##...
##.................#...#...
###..#..................)..#


You could see a demonspawn, an ice devil (summoned) and a smoke demon
(summoned).

Vanquished Creatures
  Snorg (Lair:5)
  2 two-headed ogres
  3 orc high priests (Orc:2)
  Amaemon (D:10)
  A sixfirhy (Orc:2)
  5 orc knights (Orc:2)
  3 orc sorcerers (Orc:2)
  17 elephants
  A gargoyle (D:9)
  6 black mambas
  An orange demon (D:10)
  8 cane toads
  2 rime drakes
  A red devil (Orc:2)
  5 komodo dragons
  2 polar bears
  3 trolls
  A hornet (D:8)
  7 blink frogs
  A slime creature (D:9)
  5 spriggans (Bailey)
  A ynoxinul (Orc:2)
  4 wyverns
  19 yaks
  3 steam dragons
  2 basilisks
  A warg (Orc:2)
  4 swamp worms (Lair:2)
  2 acid dragons (D:10)
  Duvessa (D:7)
  16 water moccasins
  An ice beast (D:7)
  30 orc warriors
  A sky beast (D:8)
  14 ogres
  11 centaurs
  2 phantoms
  2 kobold brigands
  9 bullfrogs
  3 scorpions
  6 wights
  Dowan (D:7)
  9 killer bees
  7 howler monkeys
  A hound (D:2)
  5 jellies
  25 orc priests
  Crazy Yiuf (D:2)
  2 gnoll boudas
  4 hell rats
  4 iguanas
  11 orc wizards
  15 gnolls
  8 adders
  2 shadow imps (D:5)
  2 white imps
  2 worms
  2 dart slugs
  70 orcs
  6 ball pythons
  11 endoplasms
  5 giant cockroaches
  6 goblins
  7 hobgoblins
  23 kobolds
  3 quokkas
  11 bats
451 creatures vanquished.

Vanquished Creatures (others)
  An ogre (Bailey)
  15 fungi
  57 plants
  A withered plant (Lair:5)
74 creatures vanquished.

Grand Total: 525 creatures vanquished

Notes
Turn   | Place    | Note
-------+----------+-------------------------------------------
     0 | D:1      | Ceno the Formicid Earth Elementalist began the quest for
                  | the Orb.
     0 | D:1      | Reached XP level 1. HP: 13/13 MP: 3/3
   175 | D:1      | Reached XP level 2. HP: 19/19 MP: 0/5
   508 | D:1      | Reached XP level 3. HP: 24/24 MP: 4/6
   689 | D:1      | Reached skill level 1 in Conjurations
   862 | D:1      | Learned a level 2 spell: Passwall
  1399 | D:2      | Reached XP level 4. HP: 30/30 MP: 5/7
  1403 | D:2      | Learned a level 3 spell: Stone Arrow
  1443 | D:2      | Found a runed translucent door.
  1444 | D:2      | Noticed Crazy Yiuf
  1452 | D:2      | Killed Crazy Yiuf
  1641 | D:2      | Reached XP level 5. HP: 35/35 MP: 4/8
  2099 | D:2      | Reached skill level 5 in Stealth
  2629 | D:3      | Noticed Sigmund
  2632 | D:3      | Found an ornate altar of the Wu Jian Council.
  2666 | D:3      | You fall into a shaft and drop 3 floors!
  2805 | D:5      | Entered Level 5 of the Dungeon
  2833 | D:5      | Reached XP level 6. HP: 26/41 MP: 5/9
  3135 | D:3      | Reached skill level 5 in Earth Magic
  3871 | D:4      | Identified the +4 leather armour of Xom's Envy {rElec
                  | Regen+ Stlth+}
  4018 | D:4      | Found a staircase to the Ecumenical Temple.
  4028 | Temple   | Entered the Ecumenical Temple
  4109 | Temple   | Became a worshipper of Elyvilon the Healer
  4284 | D:4      | Noticed a water moccasin
  4542 | D:5      | Reached XP level 7. HP: 43/46 MP: 0/11
  5255 | D:5      | Reached * piety under Elyvilon
  5256 | D:5      | Found Fanlouwo's Lightly-Used Armoury.
  5282 | D:5      | Noticed a water moccasin
  5689 | D:6      | Reached XP level 8. HP: 52/52 MP: 6/14
  5995 | D:6      | Reached skill level 5 in Conjurations
  6277 | D:5      | Learned a level 4 spell: Petrify
  6295 | D:5      | Found a glowing golden altar of the Shining One.
  6423 | D:5      | Found a sparkling altar of Nemelex Xobeh.
  6542 | D:6      | Reached ** piety under Elyvilon
  6756 | D:6      | Reached skill level 1 in Maces & Flails
  6756 | D:6      | Reached skill level 1 in Invocations
  6758 | D:6      | Reached XP level 9. HP: 55/57 MP: 8/15
  7541 | D:7      | Noticed Duvessa
  7541 | D:7      | Noticed Dowan
  7548 | D:7      | Killed Duvessa
  7601 | D:7      | Killed Dowan
  8357 | D:8      | Reached skill level 5 in Transmutations
  8447 | D:8      | Reached *** piety under Elyvilon
  8477 | D:8      | Reached XP level 10. HP: 60/63 MP: 10/16
  8482 | D:8      | Reached skill level 5 in Invocations
  8717 | D:8      | Reached skill level 10 in Earth Magic
  9000 | D:8      | Reached skill level 1 in Fighting
  9039 | D:8      | Got the Quarto of Quantum Dark Words
  9090 | D:8      | Reached skill level 5 in Maces & Flails
  9529 | D:9      | Noticed a brown ugly thing
  9569 | D:9      | Noticed a +0 hand axe
  9569 | D:9      | Found a hide-covered altar of Uskayaw.
  9569 | D:9      | Noticed a +0 dagger
 10040 | D:9      | Found a flagged portal.
 10058 | Bailey   | Entered a bailey
 10132 | Bailey   | Reached XP level 11. HP: 77/77 MP: 5/17
 10282 | Bailey   | Reached **** piety under Elyvilon
 10312 | Bailey   | Identified the +8 arbalest "Leviticus" {speed, rElec rN+
                  | Will+ Str+2}
 10312 | Bailey   | Identified the +4 swamp dragon scales "Ijuasut" {rPois
                  | rCorr Dex+4}
 10321 | Bailey   | Reached skill level 5 in Fighting
 10401 | Bailey   | Noticed a two-headed ogre
 10442 | Bailey   | Killed a two-headed ogre
 10879 | D:9      | Noticed a catoblepas
 10880 | D:9      | Pacified a catoblepas
 10991 | D:9      | Noticed a fire dragon
 10992 | D:9      | Pacified a fire dragon
 11110 | D:9      | Identified the +5 war axe of the Evening {flame, rC+}
 11473 | D:10     | Entered Level 10 of the Dungeon
 11754 | D:10     | Found a staircase to the Orcish Mines.
 12094 | D:10     | Noticed Amaemon
 12140 | D:10     | Killed Amaemon
 12654 | D:10     | Found a staircase to the Lair.
 13120 | Lair:1   | Entered Level 1 of the Lair of Beasts
 13309 | Lair:1   | Reached skill level 10 in Invocations
 13309 | Lair:1   | Reached XP level 12. HP: 31/91 MP: 10/19
 13528 | Lair:1   | Found an ancient bone altar of Kikubaaqudgha.
 13537 | Lair:1   | Reached skill level 1 in Armour
 13783 | Lair:1   | HP: 4/91 [cane toad (17)]
 13791 | Lair:1   | HP: 4/91 [poisoned by a cane toad]
 13795 | Lair:1   | HP: 1/91 [poisoned by a cane toad]
 14394 | Lair:1   | Reached ***** piety under Elyvilon
 15385 | Lair:2   | Noticed barkas's ghost (journeyman NaMo)
 15759 | Lair:2   | Identified the ring "Zasten" {Will+ rCorr Str+3}
 15985 | Lair:2   | Found a runed translucent gate.
 16005 | Lair:2   | Found a runed translucent gate.
 16005 | Lair:2   | Found a runed translucent gate.
 16374 | Lair:3   | Reached skill level 1 in Shields
 16419 | Lair:3   | Reached skill level 5 in Armour
 16473 | Lair:3   | Reached XP level 13. HP: 92/101 MP: 16/20
 16492 | Lair:3   | Got the Handbook of Charnel Stones
 16494 | Lair:3   | You fall into a shaft and drop 1 floor!
 16712 | Lair:4   | Noticed an eight-headed hydra
 16721 | Lair:4   | Pacified an eight-headed hydra
 16722 | Lair:4   | Reached skill level 10 in Maces & Flails
 16793 | Lair:3   | Found a dark tunnel.
 16807 | Volcano  | Entered a volcano
 17263 | Lair:3   | Found a staircase to the Swamp.
 17509 | Lair:3   | Found a staircase to the Snake Pit.
 17524 | Lair:3   | Reached skill level 5 in Shields
 17766 | Lair:3   | Reached skill level 10 in Fighting
 17835 | Lair:3   | Noticed an eight-headed hydra
 17840 | Lair:3   | Pacified an eight-headed hydra
 18475 | Lair:4   | Reached skill level 5 in Dodging
 19352 | Lair:4   | Found a viscous altar of Jiyva.
 19512 | Lair:5   | Entered Level 5 of the Lair of Beasts
 19735 | Lair:5   | Noticed a six-headed hydra
 19743 | Lair:5   | Pacified a six-headed hydra
 19884 | Lair:5   | Noticed Snorg
 19905 | Lair:5   | Killed Snorg
 20145 | Lair:5   | Noticed a dire elephant
 20145 | Lair:5   | Noticed a dire elephant
 20146 | Lair:5   | Noticed a dire elephant
 20336 | Orc:1    | Entered Level 1 of the Orcish Mines
 20336 | Orc:1    | Reached ****** piety under Elyvilon
 20455 | Orc:1    | Reached XP level 14. HP: 111/111 MP: 14/21
 20591 | Orc:2    | Entered Level 2 of the Orcish Mines
 21922 | Orc:2    | Found Tueqiuce's Magic Scroll Shoppe.
 22002 | Orc:2    | Found a staircase to the Elven Halls.
 22190 | Orc:2    | Found Duitom's General Store.
 22499 | Orc:2    | Found Wihidyn's Distillery.
 23429 | Orc:2    | HP: 1/142 [sun demon[an orc high priest] (14)]
 23429 | Orc:2    | Elyvilon protects you from harm!
 23432 | Orc:2    | Mangled by a demonspawn

Illustrated notes

Levels and vault maps discovered:
D:1:      mainiacjoe_arrival_reflecting_pool, layout_loops_ring
D:2:      layout_loops_cross, minivault_5, uniq_crazy_yiuf_cottage
D:3:      layout_rooms, nicolae_overflow_crystal_walls, uniq_sigmund
D:4:      layout_rooms, minmay_temple_entry_overgrown
D:5:      layout_basic, grunt_ministairs_14, nrook_campfire, solitary_fountain,
          fountainhead, minmay_misc_feat_plants, minmay_shop_damaged,
          minmay_misc_feat_roman, hangedman_feature_mirror
D:6:      layout_basic, minmay_misc_feat_tower, kennysheep_opposing_triangles
D:7:      dreamdust_elfheim, layout_layer_cave
D:8:      layout_gridville, minmay_manual_monolith
D:9:      layout_gridville, dancing_weapons_uskayaw, enter_bailey_4, kb_rosetta
D:10:     layout_irregular_city, david_lair_shrubbed, orc_0_dummy, uniq_amaemon
Temple:   nicolae_temple_bog_church
Lair:1:   layout_cave_shapes, chequers_serial_rivers_small_b,
          cheibrodos_lair_caveside_slide, lemuel_centaur_altar
Lair:2:   layout_gridlike, gammafunk_ghost_icy, chequers_serial_rivers_marsh,
          worms_lemuel, infiniplex_staircase_pool_2, lemuel_fruit_fields
Lair:3:   layout_cave_pods, minmay_swamp_entry_worms,
          minmay_snake_entry_six_corridors, nicolae_volcano_entry_lava_flow
Lair:4:   layout_cave_pods, minmay_slime_entry_oklob_enclosed, st_stairs_4
Lair:5:   due_jungle_book, layout_gridlike, serial_bayou_crossing, uniq_snorg
Orc:1:    layout_diamond_mine
Orc:2:    pf_orc_diabolical, layout_caves, serial_shops, shop_statue

Skill      XL: |  1  2  3  4  5  6  7  8  9 10 11 12 13 14 |
---------------+-------------------------------------------+-----
Stealth        | 3 4 5 |  5.0
Earth Magic    | 4 5 6 8 9 10 | 10.0
Conjurations   | 1 2 3 4 5 |  5.0
Transmutations | 2 3 5 6 |  6.0
Spellcasting   | 3 4 |  4.0
Maces & Flails | 1 4 6 8 9 11 | 11.8
Invocations    | 1 4 7 10 | 10.0
Fighting       | 4 7 9 10 11 | 11.7
Dodging        | 2 4 5 7 |  7.0
Armour         | 5 7 9 |  9.2
Shields        | 2 5 |  5.0

Action                     |  1- 3 |  4- 6 |  7- 9 | 10-12 | 13-15 || total
---------------------------+-------+-------+-------+-------+-------++-------
  Melee: Unarmed           |     4 |       |       |       |       ||     4
         Whip              |       |     6 |       |    73 |       ||    79
         Morningstar       |       |       |       |   158 |   459 ||   617
         Punch             |       |       |       |     1 |       ||     1
  Throw: Stone             |     2 |     8 |    17 |    20 |    30 ||    77
         Dart              |       |       |       |     1 |       ||     1
         Throwing net      |       |       |       |     1 |       ||     1
   Cast: Sandblast         |    46 |    99 |   163 |   212 |    24 ||   544
         Stone Arrow       |       |       |    12 |    78 |   220 ||   310
         Passwall          |       |       |       |     4 |       ||     4
         Petrify           |       |       |       |    12 |    16 ||    28
 Invoke: Heal Other        |       |       |       |     4 |     4 ||     8
         Purification      |       |       |       |     5 |       ||     5
         Heal Self         |       |       |       |     2 |     3 ||     5
         Divine Vigour     |       |       |       |       |     2 ||     2
Ability: Dig               |       |     1 |       |     3 |     1 ||     5
    Use: Scroll            |     1 |     7 |     7 |     5 |     3 ||    23
         Potion            |       |     1 |       |     1 |     1 ||     3
   Stab: Petrified         |       |       |       |    19 |    18 ||    37
         Sleeping          |       |       |       |     1 |     1 ||     2
         Petrifying        |       |       |       |       |     1 ||     1
 Armour: Leather armour    |     7 |    32 |    38 |    50 |       ||   127
         Swamp dragon scal |       |       |       |   161 |   172 ||   333
  Dodge: Dodged            |     9 |    58 |    58 |   278 |   246 ||   649
  Block: Buckler           |       |       |       |     7 |   194 ||   201

Table legend: (Time is in decaauts)
 A = Elapsed time spent in this place.
 B = Non-inter-level travel time spent in this place.
 C = Inter-level travel time spent in this place.
 D = Time resting spent in this place.
 E = Time spent auto-exploring this place.
 F = Levels seen in this place.
 G = Mean time per level.
                   A        B        C        D        E       F      G
               +--------+--------+--------+--------+--------+-----+--------+
         Total |  23773 |  22668 |   1105 |   5069 |  10191 |  20 | 1188.7 |
       Dungeon |  12773 |  12275 |    498 |   2765 |   5906 |  10 | 1277.3 |
        Temple |    104 |     85 |     19 |      0 |     45 |   1 |  104.0 |
          Lair |   7404 |   6898 |    506 |    931 |   3835 |   5 | 1480.8 |
  Orcish Mines |   2748 |   2667 |     81 |    995 |    342 |   2 | 1374.0 |
        Bailey |    641 |    641 |      0 |    340 |     61 |   1 |  641.0 |
       Volcano |    102 |    102 |      0 |     37 |      0 |   1 |  102.0 |
               +--------+--------+--------+--------+--------+-----+--------+

Top non-repeatable levels by time:
  Lair:1: 2020 daAuts
   Orc:2: 1957 daAuts
  Lair:4: 1712 daAuts
     D:5: 1663 daAuts
    D:10: 1617 daAuts
     D:9: 1504 daAuts
  Lair:2: 1485 daAuts
  Lair:3: 1480 daAuts
     D:2: 1475 daAuts
     D:6: 1455 daAuts
     D:8: 1249 daAuts
     D:1: 1194 daAuts
     D:7: 1102 daAuts
     D:4: 841 daAuts
   Orc:1: 791 daAuts
